General information
			 
			
        
        - name: BNet
- type: Ladder team game (AT/RT)
- host: Battle.net
- saver: OYoOwned
 map: TwistedMeadows
- players: 4
- length: 91:29
- speed: Fast
- version: 1.23 W3XP
- replay type:  Public
 » download(525 KB)
Players
        team 1 (winner) 
              
              
» 
 kunt.roII
kunt.roII (
green | 94 APM | 8571 actions | 91:27)
              
 7 Blademaster
 7 Blademaster  3
 3 Wind Walk
 3
 3 Critical Strike
 1
 1 Bladestorm
 7 Shadow Hunter
 7 Shadow Hunter  3
 3 Hex
 3
 3 Healing Wave
 1
 1 Big Bad Voodoo
 7 Pit Lord
 7 Pit Lord  3
 3 Rain of Fire
 3
 3 Cleaving Attack
 1
 1 Doom
                | Assign group hotkey | 90 |  | 
| Basic commands | 56 |  | 
| Build / train | 120 |  | 
| ESC pressed | 11 |  | 
| Enter build submenu | 61 |  | 
| Enter hero's abilities submenu | 24 |  | 
| Give item / drop item | 24 |  | 
| Right click | 4277 |  | 
| Select / deselect | 887 |  | 
| Select group hotkey | 2486 |  | 
| Use ability | 535 |  | 
                8571 total
 » units 
                
                | Peon | 26 |  | 
| Troll Batrider | 14 |  | 
| Goblin Zeppelin | 7 |  | 
| Ogre Mauler | 1 |  | 
| Forest Troll Berserker | 1 |  | 
| Forest Troll Shadow Priest | 1 |  | 
                50 total
 » upgrades
                
                | Liquid Fire | 2 |  | 
| Reinforced Defenses | 1 |  | 
| Spiked Barricades | 1 |  | 
                4 total
 » buildings
                
                | Altar of Storms | 3 |  | 
| Orc Burrow | 13 |  | 
| Voodoo Lounge | 5 |  | 
| War Mill | 3 |  | 
| Watch Tower | 27 |  | 
| Stronghold | 3 |  | 
| Fortress | 3 |  | 
| Beastiary | 4 |  | 
                61 total
 » build order
                00:08 Altar of Storms
00:21 Orc Burrow
00:55 Voodoo Lounge
01:07 War Mill
01:37 Orc Burrow
02:28 Watch Tower
02:31 Watch Tower
02:48 Watch Tower
03:08 Watch Tower
03:15 Watch Tower
03:36 Watch Tower
03:50 Watch Tower
04:19 Watch Tower
04:48 Stronghold
04:48 Stronghold
05:32 Watch Tower
06:40 Watch Tower
06:53 Watch Tower
07:39 Fortress
08:21 Orc Burrow
08:46 Beastiary
08:48 Beastiary
09:17 Watch Tower
09:25 Voodoo Lounge
09:33 Orc Burrow
09:54 Orc Burrow
11:13 Voodoo Lounge
14:07 Watch Tower
15:33 Watch Tower
16:14 Voodoo Lounge
17:26 Watch Tower
22:24 War Mill
23:26 Orc Burrow
23:27 Orc Burrow
23:33 Orc Burrow
24:56 War Mill
27:35 Stronghold
28:12 Altar of Storms
29:41 Orc Burrow
30:26 Fortress
30:26 Fortress
30:29 Beastiary
30:30 Beastiary
30:38 Orc Burrow
33:07 Watch Tower
33:09 Watch Tower
34:58 Watch Tower
34:58 Watch Tower
35:02 Watch Tower
35:26 Orc Burrow
36:07 Watch Tower
36:07 Watch Tower
38:10 Voodoo Lounge
38:14 Watch Tower
38:14 Watch Tower
39:58 Watch Tower
39:59 Watch Tower
40:12 Watch Tower
45:52 Altar of Storms
46:14 Orc Burrow
46:17 Orc Burrow
» items
                
                | Lesser Clarity Potion | 6 |  | 
| Healing Salve | 6 |  | 
| Dust of Appearance | 1 |  | 
| Boots of Speed | 3 |  | 
| Circlet of Nobility | 2 |  | 
| Staff of Teleportation | 3 |  | 
| Scroll of Town Portal | 3 |  | 
| Orb of Lightning | 3 |  | 
| Tiny Great Hall | 1 |  | 
| Staff of Sanctuary | 3 |  | 
                31 total
  
              
               OYoOwned
OYoOwned (
orange | 98 APM | 8920 actions | 91:29)
              
 8 Archmage
 8 Archmage  3
 3 Blizzard
 3
 3 Brilliance Aura
 1
 1 Mass Teleport
 1
 1 Summon Water Elemental
 7 Blood Mage
 7 Blood Mage  3
 3 Flame Strike
 1
 1 Siphon Mana
 2
 2 Banish
 1
 1 Summon Phoenix
 6 Mountain King
 6 Mountain King  3
 3 Storm Bolt
 1
 1 Thunder Clap
 1
 1 Bash
 1
 1 Avatar
                | Assign group hotkey | 35 |  | 
| Basic commands | 156 |  | 
| Build / train | 174 |  | 
| ESC pressed | 18 |  | 
| Enter build submenu | 75 |  | 
| Enter hero's abilities submenu | 22 |  | 
| Give item / drop item | 13 |  | 
| Right click | 4964 |  | 
| Select / deselect | 1662 |  | 
| Select group hotkey | 1177 |  | 
| Use ability | 623 |  | 
                8920 total
 » units 
                
                | Peasant | 46 |  | 
| Forest Troll Shadow Priest | 2 |  | 
| Mud Golem | 1 |  | 
| Priest | 5 |  | 
| Sorceress | 5 |  | 
| Goblin Zeppelin | 3 |  | 
| Flying Machine | 4 |  | 
                66 total
 » upgrades
                
                | Masonry | 3 |  | 
| Lumber Harvesting | 2 |  | 
| Magic Sentry | 1 |  | 
| Sorceress Training | 2 |  | 
| Priest Training | 2 |  | 
| Backpack | 1 |  | 
                11 total
 » buildings
                
                | Altar of Kings | 1 |  | 
| Farm | 6 |  | 
| Lumber Mill | 1 |  | 
| Scout Tower | 94 |  | 
| Arcane Tower | 11 |  | 
| Guard Tower | 36 |  | 
| Arcane Vault | 4 |  | 
| Keep | 1 |  | 
| Arcane Sanctum | 1 |  | 
| Town Hall | 2 |  | 
| Castle | 1 |  | 
| Gryphon Aviary | 2 |  | 
| Blacksmith | 1 |  | 
| Workshop | 1 |  | 
                162 total
 » build order
                00:05 Altar of Kings
00:19 Farm
01:03 Lumber Mill
01:05 Scout Tower
01:22 Farm
01:31 Arcane Tower
01:36 Scout Tower
02:08 Guard Tower
03:17 Farm
03:24 Farm
03:28 Arcane Vault
03:46 Scout Tower
04:13 Arcane Vault
04:24 Scout Tower
04:39 Arcane Vault
04:46 Guard Tower
05:29 Guard Tower
05:43 Keep
06:04 Scout Tower
06:32 Scout Tower
06:34 Farm
06:36 Guard Tower
06:58 Scout Tower
07:30 Guard Tower
07:33 Scout Tower
07:48 Arcane Tower
08:12 Scout Tower
08:17 Scout Tower
08:40 Guard Tower
08:42 Scout Tower
09:25 Arcane Sanctum
09:33 Arcane Tower
10:25 Scout Tower
10:33 Scout Tower
10:34 Scout Tower
10:50 Guard Tower
11:12 Guard Tower
11:13 Scout Tower
11:14 Scout Tower
11:14 Scout Tower
11:54 Scout Tower
11:55 Scout Tower
11:55 Scout Tower
11:56 Scout Tower
11:57 Scout Tower
12:14 Arcane Tower
12:15 Guard Tower
12:19 Arcane Tower
12:27 Scout Tower
12:29 Scout Tower
12:30 Scout Tower
12:32 Scout Tower
12:33 Scout Tower
12:35 Guard Tower
12:37 Guard Tower
12:40 Scout Tower
12:40 Scout Tower
12:41 Scout Tower
12:56 Guard Tower
12:58 Arcane Tower
13:14 Guard Tower
13:27 Guard Tower
13:32 Arcane Tower
13:40 Guard Tower
14:30 Town Hall
14:40 Arcane Tower
14:44 Guard Tower
14:51 Scout Tower
14:52 Scout Tower
15:59 Guard Tower
16:58 Scout Tower
17:27 Castle
17:37 Guard Tower
18:07 Scout Tower
18:08 Scout Tower
18:13 Scout Tower
18:13 Scout Tower
18:14 Scout Tower
18:16 Scout Tower
18:17 Scout Tower
18:19 Scout Tower
18:19 Scout Tower
19:39 Arcane Vault
19:42 Arcane Tower
19:44 Guard Tower
20:01 Guard Tower
28:22 Scout Tower
28:50 Scout Tower
28:51 Guard Tower
28:52 Scout Tower
28:54 Scout Tower
30:17 Farm
31:26 Scout Tower
32:19 Scout Tower
32:20 Scout Tower
32:22 Scout Tower
33:14 Guard Tower
33:17 Scout Tower
33:18 Scout Tower
33:18 Scout Tower
33:19 Scout Tower
33:20 Scout Tower
33:20 Scout Tower
34:12 Guard Tower
34:20 Scout Tower
35:15 Town Hall
35:50 Scout Tower
35:52 Scout Tower
36:51 Guard Tower
39:01 Scout Tower
39:20 Scout Tower
39:21 Scout Tower
39:22 Scout Tower
39:24 Scout Tower
39:26 Scout Tower
39:26 Scout Tower
39:27 Scout Tower
40:07 Arcane Tower
40:08 Guard Tower
40:21 Guard Tower
45:06 Guard Tower
45:19 Guard Tower
45:21 Scout Tower
46:06 Scout Tower
46:07 Scout Tower
46:10 Scout Tower
46:11 Scout Tower
46:12 Scout Tower
46:12 Scout Tower
48:39 Guard Tower
49:05 Guard Tower
52:00 Scout Tower
52:01 Scout Tower
52:02 Scout Tower
52:02 Scout Tower
52:03 Scout Tower
53:26 Arcane Tower
53:30 Scout Tower
53:32 Scout Tower
53:34 Scout Tower
53:35 Scout Tower
53:38 Scout Tower
53:41 Scout Tower
53:42 Scout Tower
53:55 Guard Tower
54:38 Guard Tower
54:41 Gryphon Aviary
54:45 Gryphon Aviary
59:04 Scout Tower
59:05 Scout Tower
59:06 Scout Tower
59:06 Scout Tower
59:12 Scout Tower
59:12 Scout Tower
59:13 Scout Tower
59:13 Scout Tower
59:33 Guard Tower
59:51 Guard Tower
60:08 Guard Tower
60:23 Guard Tower
87:20 Blacksmith
89:09 Workshop
» items
                
                | Staff of Teleportation | 3 |  | 
| Boots of Speed | 3 |  | 
| Lesser Clarity Potion | 3 |  | 
| Potion of Healing | 1 |  | 
| Ivory Tower | 3 |  | 
| Orb of Lightning | 3 |  | 
| Periapt of Vitality | 1 |  | 
| Staff of Sanctuary | 3 |  | 
| Scroll of Town Portal | 2 |  | 
| Healing Salve | 2 |  | 
                24 total
  team 2 (loser) 
              
              
» 
 FuROngJieJie
FuROngJieJie (
pink | 124 APM | 9401 actions | 76:03)
              
 10 Blademaster
 10 Blademaster  3
 3 Wind Walk
 3
 3 Critical Strike
 1
 1 Bladestorm
 3
 3 Mirror Image
 1 Demon Hunter
 1 Demon Hunter  1
 1 Metamorphosis
                | Assign group hotkey | 346 |  | 
| Basic commands | 274 |  | 
| Build / train | 168 |  | 
| ESC pressed | 5 |  | 
| Enter build submenu | 48 |  | 
| Enter hero's abilities submenu | 11 |  | 
| Give item / drop item | 6 |  | 
| Remove unit from queue | 1 |  | 
| Right click | 3886 |  | 
| Select / deselect | 1352 |  | 
| Select group hotkey | 2790 |  | 
| Use ability | 512 |  | 
                9401 total
 » units 
                
                | Peon | 38 |  | 
| Grunt | 2 |  | 
| Raider | 27 |  | 
| Goblin Sapper | 6 |  | 
| Shaman | 12 |  | 
| Goblin Zeppelin | 3 |  | 
| Spirit Walker | 5 |  | 
| Goblin Shredder | 1 |  | 
                94 total
 » upgrades
                
                | Berserker Strength | 1 |  | 
| Ensnare | 1 |  | 
| Pillage | 1 |  | 
| Armor | 4 |  | 
| Spiked Barricades | 2 |  | 
| Reinforced Defenses | 1 |  | 
| Melee Weapons | 2 |  | 
| Shaman Training | 2 |  | 
| Burning Oil | 1 |  | 
| Spirit Walker Training | 2 |  | 
                17 total
 » buildings
                
                | Altar of Storms | 2 |  | 
| Orc Burrow | 10 |  | 
| Voodoo Lounge | 1 |  | 
| Barracks | 1 |  | 
| Stronghold | 4 |  | 
| War Mill | 1 |  | 
| Beastiary | 2 |  | 
| Watch Tower | 27 |  | 
| Great Hall | 4 |  | 
| Fortress | 2 |  | 
| Spirit Lodge | 1 |  | 
                55 total
 » build order
                00:05 Altar of Storms
00:07 Altar of Storms
00:16 Orc Burrow
00:49 Voodoo Lounge
01:27 Barracks
02:24 Stronghold
02:25 Stronghold
02:25 Stronghold
02:39 Orc Burrow
04:11 Orc Burrow
04:43 Orc Burrow
04:59 War Mill
05:02 Orc Burrow
05:11 Beastiary
05:15 Beastiary
06:38 Watch Tower
07:16 Orc Burrow
07:18 Orc Burrow
07:43 Orc Burrow
08:25 Orc Burrow
09:18 Great Hall
10:29 Great Hall
10:41 Watch Tower
12:15 Watch Tower
12:17 Watch Tower
12:22 Fortress
12:23 Fortress
12:52 Watch Tower
14:30 Great Hall
14:55 Watch Tower
15:07 Watch Tower
17:34 Watch Tower
17:35 Watch Tower
17:36 Watch Tower
17:37 Watch Tower
17:37 Watch Tower
17:57 Watch Tower
19:26 Watch Tower
19:48 Watch Tower
19:58 Spirit Lodge
20:33 Watch Tower
20:35 Watch Tower
21:12 Orc Burrow
21:33 Watch Tower
22:11 Watch Tower
23:30 Watch Tower
23:31 Watch Tower
24:37 Great Hall
25:34 Watch Tower
37:33 Watch Tower
37:34 Watch Tower
39:39 Watch Tower
39:40 Watch Tower
» items
                
                | Healing Salve | 6 |  | 
| Lesser Clarity Potion | 6 |  | 
| Boots of Speed | 3 |  | 
| Potion of Healing | 3 |  | 
| Orb of Lightning | 1 |  | 
| Scroll of Town Portal | 3 |  | 
| Potion of Mana | 3 |  | 
                25 total
  
              
               will00
will00 (
purple | 94 APM | 8574 actions | 91:27)
              
 6 Demon Hunter
 6 Demon Hunter  3
 3 Mana Burn
 3
 3 Evasion
 5 Pandaren Brewmaster
 5 Pandaren Brewmaster  3
 3 Breath of Fire
 2
 2 Drunken Haze
                | Assign group hotkey | 418 |  | 
| Basic commands | 878 |  | 
| Build / train | 231 |  | 
| ESC pressed | 15 |  | 
| Enter build submenu | 38 |  | 
| Enter hero's abilities submenu | 11 |  | 
| Give item / drop item | 5 |  | 
| Remove unit from queue | 11 |  | 
| Right click | 3579 |  | 
| Select / deselect | 1476 |  | 
| Select group hotkey | 1375 |  | 
| Use ability | 537 |  | 
                8574 total
 » units 
                
                | Wisp | 87 |  | 
| Archer | 7 |  | 
| Forest Troll Berserker | 1 |  | 
| Druid of the Claw | 7 |  | 
| Forest Troll Shadow Priest | 4 |  | 
| Dryad | 14 |  | 
| Goblin Zeppelin | 25 |  | 
| Hippogryph | 3 |  | 
| Chimaera | 8 |  | 
                156 total
 » upgrades
                
                | Ultravision | 1 |  | 
| Druid of the Claw Training | 2 |  | 
| Abolish Magic | 1 |  | 
| Well Spring | 1 |  | 
| Mark of the Claw | 1 |  | 
| Strength of the Wild | 3 |  | 
| Reinforced Hides | 3 |  | 
| Marksmanship | 1 |  | 
| Improved Bows | 1 |  | 
| Corrosive Breath | 1 |  | 
                15 total
 » buildings
                
                | Altar of Elders | 2 |  | 
| Moon Well | 6 |  | 
| Ancient of War | 1 |  | 
| Tree of Ages | 2 |  | 
| Hunter's Hall | 1 |  | 
| Ancient of Wonders | 1 |  | 
| Tree of Eternity | 1 |  | 
| Ancient of Lore | 2 |  | 
| Tree of Life | 14 |  | 
| Ancient Protector | 3 |  | 
| Ancient of Wind | 1 |  | 
| Chimaera Roost | 5 |  | 
                39 total
 » build order
                00:06 Altar of Elders
00:09 Altar of Elders
00:18 Moon Well
00:46 Ancient of War
01:37 Moon Well
03:17 Tree of Ages
03:28 Hunter's Hall
03:31 Moon Well
05:31 Ancient of Wonders
05:50 Tree of Eternity
06:03 Ancient of Lore
06:07 Ancient of Lore
06:39 Moon Well
14:42 Moon Well
15:40 Tree of Life
16:23 Ancient Protector
17:33 Ancient Protector
17:46 Tree of Life
21:24 Moon Well
22:34 Tree of Life
23:03 Tree of Life
29:11 Ancient Protector
32:19 Ancient of Wind
45:18 Chimaera Roost
46:49 Tree of Life
47:19 Chimaera Roost
47:25 Chimaera Roost
47:31 Chimaera Roost
49:09 Chimaera Roost
49:30 Tree of Life
56:35 Tree of Life
64:18 Tree of Life
68:20 Tree of Life
76:59 Tree of Life
79:47 Tree of Life
82:10 Tree of Life
86:40 Tree of Life
89:25 Tree of Life
» items
                
                | Boots of Speed | 1 |  | 
| Scroll of Town Portal | 12 |  | 
| Orb of Venom | 1 |  | 
| Staff of Preservation | 3 |  | 
| Potion of Healing | 4 |  | 
| Anti-magic Potion | 1 |  | 
| Dust of Appearance | 1 |  | 
| Healing Salve | 1 |  | 
| Potion of Lesser Invulnerability | 4 |  | 
                28 total
   Chat log
          (00:10 / All) kunt.roII: Gl n HF
(02:04 / All) kunt.roII: did u guys hear
(02:10 / All) kunt.roII: will.i.am puched perez hilton
(22:03 / All) kunt.roII: gg
(24:41 / All) kunt.roII: hi
(25:02 / Allies) kunt.roII: they pushing u
(26:51 / All) kunt.roII: STAFF
(51:31 / Allies) kunt.roII: ?
(58:03 / Allies) kunt.roII: lawl.
(69:14 / Allies) kunt.roII: ?
(76:05 / All) OYoOwned: 2 e z
(76:15 / All) kunt.roII: 2ez?
(77:31 / All) kunt.roII: purp
(77:36 / All) kunt.roII: u mad @ pink for throwing game for u?
(78:20 / All) kunt.roII: lolo
(79:49 / All) OYoOwned: you really cant win at this point
(80:38 / All) OYoOwned: RUN IN SPINNING
(81:13 / All) OYoOwned: yo i think you mistook your blade for a juggernaut
(81:37 / All) OYoOwned: its not really worth using spin to dodge stuns in realcraft
(81:44 / Allies) OYoOwned: esp. when you cast it 4 seconds too early
(81:54 / All) OYoOwned: esp. when you cast it 4 seconds too early
(82:07 / All) OYoOwned: did you get your hotkeys mixed up lil noobie?
(85:21 / All) OYoOwned: hey can you get out
(85:24 / All) OYoOwned: you're really bad
(86:43 / All) OYoOwned: take no noobie prisoners
(86:56 / All) OYoOwned: 2  e  z
(87:01 / All) OYoOwned: tell em clan soca owned you